 Dungeon Crawl Stone Soup version 0.28.0-53-g5a82cb258f (webtiles) character file.

Game seed: 5617483766153591454

2104 Infinimo the Fighter (level 9, -4/145 HPs)
             Began as an Ogre Gladiator on May 30, 2022.
             Was a Priest of Okawaru.
             Slain by a wraith (9 damage)
             ... on level 7 of the Dungeon.
             The game lasted 00:10:15 (7947 turns).

Infinimo the Fighter (Ogre Gladiator)               Turns: 7947, Time: 00:10:16

Health: -4/145     AC:  4    Str: 30    XL:     9   Next: 28%
Magic:  9/9        EV: 11    Int:  9    God:    Okawaru [***...]
Gold:   257        SH:  5    Dex: 10    Spells: 8/8 levels left

rFire   . . .      SeeInvis .   m - +2 whip (elec)
rCold   . . .      Faith    .   (no shield)
rNeg    . . .      Spirit   .   b - +0 robe
rPois   .          Reflect  +   c - +1 hat
rElec   .          Harm     .   (no cloak)
rCorr   .          Rampage  .   (gloves unavailable)
Will    .....                   (boots unavailable)
Stlth   ..........              f - amulet of reflection
HPRegen 0.34/turn               h - +6 ring of strength
MPRegen 0.11/turn               (no ring)

@: berserking, slowed
A: large, unfitting armour, tough skin 1
a: Renounce Religion, Heroism


You were on level 7 of the Dungeon.
You worshipped Okawaru.
Okawaru was most pleased with you.
You visited 1 branch of the dungeon, and saw 7 of its levels.

You collected 257 gold pieces.

Inventory:

Hand Weapons
 a - a +0 flail of freezing
 m - a +2 whip of electrocution (weapon)
Missiles
 d - 3 throwing nets (quivered)
 o - 12 poisoned darts
Armour
 b - a +0 robe (worn)
 c - a +1 hat (worn)
Jewellery
 f - an amulet of reflection (around neck)
 g - a ring of magical power
 h - a +6 ring of strength (left hand)
 j - a ring of ice
 l - an amulet of faith
 n - a ring of willpower
 w - a ring of magical power
Wands
 p - a wand of acid (6)
Scrolls
 q - a scroll of enchant armour
 x - a scroll of torment {unknown}
Potions
 e - a potion of attraction
 i - a potion of curing {unknown}
 k - a potion of mutation {unknown}
 r - 2 potions of lignification
 s - a potion of haste {unknown}
 t - a potion of brilliance
 u - a potion of magic {unknown}
 A - a potion of ambrosia {unknown}


   Skills:
 + Level 8.3 Fighting
 * Level 8.2 Maces & Flails
 - Level 2.0 Throwing
 + Level 6.0 Dodging


You had 8 spell levels left.
You didn't know any spells.
Your spell library contained the following spells:

 Spells                   Type           Power      Damage    Failure   Level
 Magic Dart               Conj           0%         1d3       38%         1
 Corpse Rot               Necr/Air       0%         N/A       52%         2
 Poisonous Vapours        Pois/Air       0%         N/A       52%         2
 Searing Ray              Conj           0%         2d4       52%         2
 Ozocubu's Armour         Ice            0%         N/A       77%         3
 Fulminant Prism          Conj/Hex       0%         3d6       99%         4
 Ozocubu's Refrigeration  Ice            0%         4d5       100%        7


Dungeon Overview and Level Annotations

Branches:
Dungeon (7/15)             Temple (0/1) D:5

Altars:
Okawaru
Trog
Lugonu

Portals:
Abyss: D:3 D:4

Annotations:
D:4 2 transporters, qipq's ghost, weakling FeDe
D:7 Dowan; Duvessa


Innate Abilities, Weirdness & Mutations

You are too large for most types of armour.
You have tough skin. (AC +1)


Message History

The wraith is no longer covered in acid.
The kobold brigand hits you with a +0 club.
* * * LOW HITPOINT WARNING * * *
You feel much better. You block the kobold brigand's attack.
The wraith closely misses you. The kobold brigand misses you.
The wraith hits you!
Unknown command.
The kobold brigand throws a curare-tipped dart.
The curare-tipped dart hits you.
You are poisoned.
You have difficulty breathing.
You feel as though you will be slow longer.
You feel very sick. The wraith completely misses you.
You feel very sick.
You feel sick. The wraith barely misses you.
You feel sick.
The kobold throws a poisoned dart.
The poisoned dart closely misses you.
You feel sick. The wraith hits you.
* * * LOW HITPOINT WARNING * * *
The wraith drains your vigour!
You feel as though you will be slow longer.
You feel sick.
You are no longer poisoned.
The kobold throws a poisoned dart.
The poisoned dart hits you!
You are poisoned.
You feel sick. The wraith hits you!
* * * LOW HITPOINT WARNING * * *
The wraith drains your vigour!
You feel as though you will be slow longer.
You feel sick.
You feel sick. The wraith barely misses you.
The kobold hits you but does no damage.
It was a potion of berserk rage.
A red film seems to cover your vision as you go berserk!
You feel yourself moving faster!
You feel mighty!
You feel sick.
You are no longer poisoned.
Duvessa says, "Practise, practise, practise!
One day you'll be as good as me." You block the kobold's attack.
The wraith hits you!
You die...

#... ♣♣♣###.)...........
#..####..###...8.........
#....#.... #.............
#...[...###.....8.......
#...#..##)......#####..
#..#......e...8#...#..
#..............'...#..
##.##..K.....8.8#...#..
#...##@WK.......#####..
##<##..K.....8.8.......
#..#..#...............
##....................
#.....................
#.....8...............
#............##.......
#...8.8...............
....................


You could see Duvessa, a wraith, a kobold brigand and 2 kobolds.

Vanquished Creatures
  Maggie (D:7)
  Grinder (D:3)
  Eustachio (D:5)
  A black bear (D:5)
  A necrophage (D:6)
  2 ice beasts
  A centaur (D:6)
  Blork the orc (D:4)
  3 kobold brigands
  A bullfrog (D:7)
  A wyvern zombie (D:6)
  A scorpion (D:5)
  A wyvern skeleton (D:5)
  A water moccasin zombie (D:5)
  2 hounds
  2 orc priests
  3 killer bee zombies
  2 hound skeletons
  A howler monkey skeleton (D:6)
  8 gnolls
  9 adders
  A white imp (D:6)
  2 adder skeletons (D:4)
  3 worms
  5 dart slugs
  12 orcs
  8 ball pythons
  7 endoplasms
  8 goblins
  8 hobgoblins
  2 quokkas
  6 bats
  A frilled lizard (D:1)
  18 kobolds
  5 rats
  A lurking horror (D:3)
131 creatures vanquished.

Vanquished Creatures (others)
  11 plants (D:7)
11 creatures vanquished.

Grand Total: 142 creatures vanquished

Notes
Turn   | Place    | Note
-------+----------+-------------------------------------------
     0 | D:1      | Infinimo the Ogre Gladiator began the quest for the Orb.
     0 | D:1      | Reached XP level 1. HP: 22/22 MP: 1/1
   300 | D:1      | Reached XP level 2. HP: 24/29 MP: 2/2
   357 | D:1      | Found a faded altar of an unknown god.
   453 | D:1      | You fall into a shaft and drop 1 floor!
   678 | D:2      | Reached XP level 3. HP: 35/37 MP: 3/3
  1551 | D:1      | Identified a scroll of acquirement
  1551 | D:1      | Acquired an amulet of reflection
  1747 | D:2      | Reached XP level 4. HP: 44/46 MP: 4/4
  2242 | D:3      | Found a corrupted altar of Lugonu.
  2242 | D:3      | Found a one-way gate to the infinite horrors of the Abyss.
  2778 | D:3      | Found an iron altar of Okawaru.
  2798 | D:3      | Became a worshipper of Warmaster Okawaru
  2811 | D:3      | Noticed Grinder
  3031 | D:4      | Reached XP level 5. HP: 49/54 MP: 5/5
  3168 | D:4      | Noticed Blork the orc
  3250 | D:3      | Paralysed by Grinder for 5 turns
  3268 | D:3      | Killed Grinder
  3269 | D:3      | Reached skill level 5 in Fighting
  3269 | D:3      | Reached XP level 6. HP: 62/66 MP: 6/6
  3308 | D:3      | Reached skill level 5 in Maces & Flails
  3436 | D:4      | Killed Blork the orc
  3588 | D:4      | Found a transporter.
  3589 | D:4      | Noticed a small abomination
  3591 | D:4      | Noticed qipq's ghost (weakling FeDe)
  3600 | D:4      | Found a transporter.
  3639 | D:4      | Noticed a small abomination
  3786 | D:4      | Reached XP level 7. HP: 72/72 MP: 7/7
  3969 | D:4      | Reached * piety under Okawaru
  4118 | D:5      | Entered Level 5 of the Dungeon
  4140 | D:5      | Found a bloodstained altar of Trog.
  4709 | D:5      | Found a staircase to the Ecumenical Temple.
  5015 | D:5      | Noticed Eustachio
  5025 | D:5      | Killed Eustachio
  5026 | D:5      | Reached XP level 8. HP: 61/84 MP: 8/8
  5498 | D:5      | Reached ** piety under Okawaru
  5499 | D:5      | Reached skill level 5 in Dodging
  6861 | D:6      | Reached XP level 9. HP: 77/96 MP: 9/9
  7592 | D:7      | Noticed Maggie
  7630 | D:7      | Killed Maggie
  7630 | D:7      | Reached *** piety under Okawaru
  7918 | D:7      | Noticed Duvessa
  7919 | D:7      | Noticed Dowan
  7946 | D:7      | HP: 4/97 [poisoned by a kobold]
  7947 | D:7      | Slain by a wraith

Illustrated notes

Levels and vault maps discovered:
D:1:      lemuel_arrival_lava_pool, layout_loops_ring,
          shapermc_ecumenical_altar_ellora, minivault_27
D:2:      wad_pebble_path, layout_basic, minmay_crystal_water
D:3:      layout_loops_ring, mainiacjoe_overflow_catwalk,
          amcnicky_altar_lugonu_corruption, uniq_grinder
D:4:      layout_basic, gammafunk_ghost_abyssal_escape, kennysheep_nondescript,
          uniq_blork_the_orc
D:5:      layout_basic, bloody_trog, temple_green, uniq_eustachio
D:6:      cheibrodos_thug_alley, layout_loops_corners,
          chequers_serial_rivers_marsh, minmay_fountain_box
D:7:      layout_cave_pools, doesnt_xom_only_xom, serial_column_ruins,
          column_ruins_hut_pillars, column_ruins_square_medium,
          column_ruins_corridor_corner, column_ruins_open_tiny,
          column_ruins_columns_dead_end, column_ruins_grid_3,
          column_ruins_open_tiny, small_statue_intersection,
          serial_bayou_lagoon_b, uniq_maggie, uniq_duvessa

Skill      XL: |  1  2  3  4  5  6  7  8  9 |
---------------+----------------------------+-----
Fighting       | 3 4 5 6 7 8 |  8.3
Maces & Flails | 3 4 5 6 7 8 |  8.2
Dodging        | 3 4 5 6 |  6.0
Throwing       | |  2.0

Action                   |  1- 3 |  4- 6 |  7- 9 || total
-------------------------+-------+-------+-------++-------
Melee: Flail             |    82 |       |       ||    82
       Whip              |    25 |    94 |   229 ||   348
       Punch             |     1 |       |     2 ||     3
Throw: Dart              |       |     1 |       ||     1
       Throwing net      |       |     1 |       ||     1
Evoke: Wand              |       |       |     5 ||     5
  Use: Scroll            |     4 |     4 |     3 ||    11
       Potion            |       |       |     4 ||     4
 Stab: Sleeping          |       |       |     1 ||     1
Armor: Robe              |    30 |    16 |    42 ||    88
Dodge: Dodged            |    56 |    33 |   103 ||   192
Block: Other             |     2 |    17 |    42 ||    61
       Reflection        |       |     4 |       ||     4
